 Dungeon Crawl Stone Soup version 0.31.0-11-ge490571c62 (webtiles) character file.

Game seed: 5856885206710429153

9 RancidPinata the Sneak (level 2, -1/21 HPs)
             Began as an Octopode Delver on Feb 1, 2024.
             Succumbed to a scorpion's poison
             ... on level 5 of the Dungeon.
             The game lasted 00:01:15 (191 turns).

RancidPinata the Sneak (Octopode Delver)             Turns: 191, Time: 00:01:16

Health: -1/21      AC:  1    Str: 11    XL:     2   Next: 12%
Magic:  2/2        EV: 13    Int: 12    God:
Gold:   17         SH:  0    Dex: 13    Spells: 1/1 levels left

rFire   . . .        a - +0 short sword
rCold   . . .        (no shield)
rNeg    . . .        (helmet restricted)
rPois   .            (no amulet)
rElec   .            (no ring)
rCorr   .            (no ring)
SInv    .            (no ring)
Will    .....        (no ring)
Stlth   ++++         (no ring)
HPRegen 0.23/turn    (no ring)
MPRegen 0.08/turn    (no ring)
                     (no ring)

%: no passive effects
@: lethally poisoned (-1 -> -14)
A: almost no armour, amphibious, 8 rings, camouflage 1, gelatinous body 1,
(nimble swimmer 1), tentacles
a: no special abilities


You were on level 5 of the Dungeon.
You visited 1 branch of the dungeon, and saw 2 of its levels.

You collected 17 gold pieces.

Inventory:

Hand Weapons
 a - a +0 short sword (weapon)
Missiles
 j - 2 datura-tipped darts (quivered)
Wands
 f - a wand of digging (3)
Scrolls
 b - a scroll of fog
 c - a scroll of revelation
 d - a scroll of fear
 g - 3 scrolls of enchant weapon {unknown}
 h - a scroll of torment {unknown}
 k - 3 scrolls of identify {unknown}
Potions
 e - a potion of haste
 i - 2 potions of curing {unknown}


   Skills:
 * Level 3.2 Fighting
 + Level 2.1 Short Blades
 * Level 2.2 Dodging
 + Level 6.7 Stealth


You had one spell level left.
You didn't know any spells.
Your spell library was empty.

Dungeon Overview and Level Annotations

Branches:
Dungeon (6/15)
 Temple: D:4-7

Altars:


Innate Abilities, Weirdness & Mutations

You cannot wear most types of armour.
You are amphibious.
You can wear up to eight rings at the same time.
Your skin changes colour to match your surroundings (Stealth+).
Your rubbery body absorbs attacks. (AC +1, EV +1)
((You are camouflaged when in or above water. (Stealth+)))
You have tentacles for arms and can constrict up to eight enemies at once.


Message History

You hear the slow hiss of a very distant avalanche of sand.
k - 3 scrolls labelled WIMUYK FECAMAOKHLA An iguana comes into view.
Found a long smoking staff.
Found a small wooden ring.
A scorpion comes into view.
The scorpion moves out of view.
A scorpion comes into view.
You closely miss the scorpion. You grab the scorpion.
You constrict the scorpion, but do no damage.
The scorpion barely misses you.
You hit the scorpion but do no damage. You squeeze the scorpion.
The scorpion is lightly wounded.
You constrict the scorpion, but do no damage.
The scorpion stings you.
You are poisoned.
The scorpion poisons you!
You hit the scorpion.
The scorpion is moderately wounded.
You constrict the scorpion, but do no damage.
You feel very sick. The scorpion stings you.
You are more poisoned.
The scorpion poisons you! The scorpion stings you.
You hit the scorpion but do no damage. You squeeze the scorpion!
The scorpion is severely wounded.
You constrict the scorpion, but do no damage.
* * * LOW HITPOINT WARNING * * *
You feel very sick. The scorpion barely misses you.
You completely miss the scorpion.
The scorpion is severely wounded.
You constrict the scorpion, but do no damage.
* * * LOW HITPOINT WARNING * * *
You feel very sick. The scorpion barely misses you.
You hit the scorpion but do no damage. You squeeze the scorpion.
The scorpion is almost dead.
You constrict the scorpion, but do no damage.
You die...

######+ ###.##.#
#.##.###.#
#.#....#.#
#.#....#.#
#.#.#..#.#
#.#.#..#.#
#...#.##.#
#######....#+####
+..@ss...........
##########.......
...=... .......
....... .......
....... #######


You could see 2 scorpions.

Vanquished Creatures
  An adder (D:5)
1 creature vanquished.

Notes
Turn   | Place    | Note
-------+----------+-------------------------------------------
     0 | D:5      | RancidPinata the Octopode Delver began the quest for the
                  | Orb.
     0 | D:5      | Reached XP level 1. HP: 16/16 MP: 1/1
     5 | D:6      | Noticed a gnoll sergeant
     6 | D:6      | Noticed a jelly
    67 | D:5      | Reached XP level 2. HP: 17/21 MP: 2/2
   178 | D:5      | Noticed a scorpion
   179 | D:5      | Noticed a scorpion
   191 | D:5      | Succumbed to a scorpion's poison

Illustrated notes

Levels and vault maps discovered:
D:5:      cheibrodos_two_vegetables, layout_basic, enter_ossuary_4
D:6:      layout_rooms, nicolae_dithmenos_through_a_glass_darkly,
          minmay_temple_entry_wispy, portal_sewer_entry_d, uniq_grinder

Action                     || total
---------------------------++-------
  Melee: Short sword       ||    10
         Tentacles         ||     4
         Constrict         ||     2
 Armour: Skin              ||     4
  Dodge: Dodged            ||     6
